[Event "January 9 Early 2024"]
[Site "https://www.chess.com"]
[Date "2024.01.11"]
[Round "6"]
[White "Bluebaum, Matthias"]
[Black "Lu, Shanglei"]
[Result "1/2-1/2"]
[Board "31"]
[TimeControl "180+1"]
[WhiteFideId "24651516"]
[BlackFideId "8603332"]
[WhiteElo "3091"]
[BlackElo "3029"]
[WhiteTeam "GER"]
[BlackTeam "CHN"]
[WhiteClock "0:01:18"]
[BlackClock "0:01:16"]

1. d4 Nf6 2. c4 e6 3. Nc3 Bb4 4. e3 O-O 5. Bd2 d5 6. Nf3 b6 7. cxd5 exd5 8. Rc1 a6 9. Bd3 Re8 10. Ne5 Bd6 11. f4 c5 12. O-O Bb7 13. Be1 Nc6 14. Bh4 g6 15. Nxd5 Bxe5 16. fxe5 Qxd5 17. Bc4 Qe4 18. Bxf6 Nxe5 19. Qd2 Nxc4 20. Rxc4 Qxe3+ 21. Qxe3 Rxe3 22. dxc5 Re2 23. Rf2 Re1+ 24. Rf1 Re2 25. Rf2 Re1+ 26. Rf1 Re2 1/2-1/2

[Event "January 9 Early 2024"]
[Site "https://www.chess.com"]
[Date "2024.01.11"]
[Round "6"]
[White "Nepomniachtchi, Ian"]
[Black "Perez Ponsa, Federico"]
[Result "1-0"]
[Board "32"]
[TimeControl "180+1"]
[WhiteFideId "4168119"]
[BlackFideId "117927"]
[WhiteElo "3123"]
[BlackElo "2872"]
[WhiteTeam "RUS"]
[BlackTeam "ARG"]
[WhiteClock "0:02:25"]
[BlackClock "0:00:45"]

1. e4 c5 2. Nf3 d6 3. d4 cxd4 4. Nxd4 Nf6 5. Nc3 a6 6. Be2 e5 7. Nf3 Be7 8. Bg5 Nbd7 9. O-O h6 10. Be3 Ng4 11. Bc1 Ngf6 12. Nd2 b5 13. a4 b4 14. Nd5 Nxd5 15. exd5 O-O 16. a5 Nc5 17. Nc4 Bf5 18. Nb6 Ra7 19. Be3 Qc7 20. Qd2 b3 21. Bxc5 Qxc5 22. cxb3 Bg5 23. Qc3 e4 24. b4 Qxc3 25. bxc3 Bd2 26. Ra3 Rc7 27. Nc4 Bf4 28. g3 Bd7 29. gxf4 Bb5 30. Nxd6 Bxe2 31. Re1 Bf3 32. Nxe4 f5 33. d6 Rc6 34. Nd2 Bd5 35. c4 Bxc4 36. Rc3 Bb5 37. Rxc6 Bxc6 38. Nc4 Rd8 39. Rd1 Bf3 40. Rd4 g5 41. Ne5 Kg7 42. Nxf3 1-0

[Event "January 9 Early 2024"]
[Site "https://www.chess.com"]
[Date "2024.01.11"]
[Round "6"]
[White "Martinez Alcantara, Jose Eduardo"]
[Black "Bacrot, Etienne"]
[Result "1/2-1/2"]
[Board "33"]
[TimeControl "180+1"]
[WhiteFideId "3805662"]
[BlackFideId "605506"]
[WhiteElo "3029"]
[BlackElo "2843"]
[WhiteTeam "PER"]
[BlackTeam "FRA"]
[WhiteClock "0:01:15"]
[BlackClock "0:01:41"]

1. e4 e5 2. Nf3 Nc6 3. Nc3 Nf6 4. h3 Bb4 5. a3 Bxc3 6. dxc3 d6 7. Bd3 h6 8. Qe2 Be6 9. Be3 a6 10. O-O-O Qe7 11. Nd2 Nd7 12. g3 Nc5 13. Bxc5 dxc5 14. Bc4 O-O-O 15. Bxe6+ Qxe6 16. Qc4 Qxc4 17. Nxc4 Rxd1+ 18. Kxd1 f6 19. Ke2 Rd8 20. Ne3 Ne7 21. h4 Kd7 22. h5 Ke6 23. b4 f5 24. bxc5 fxe4 25. Rb1 Nd5 26. Nxd5 Rxd5 27. Rxb7 Rxc5 28. Kd2 Kf5 29. Rb4 a5 30. Rb8 e3+ 31. fxe3 Kg4 32. Rg8 Kxg3 33. Rxg7+ Kh4 34. Kd3 Kxh5 35. Rg1 Kh4 36. Rh1+ Kg5 37. Rg1+ Kh4 38. Rh1+ Kg5 39. Rg1+ Kh4 1/2-1/2

[Event "January 9 Early 2024"]
[Site "https://www.chess.com"]
[Date "2024.01.11"]
[Round "6"]
[White "Kostiukov, Alexandr"]
[Black "Petersson, Kjell"]
[Result "1-0"]
[Board "34"]
[TimeControl "180+1"]
[WhiteFideId "14108100"]
[BlackFideId "1705148"]
[WhiteElo "2301"]
[BlackElo "2126"]
[WhiteTeam "UKR"]
[BlackTeam "SWE"]
[WhiteClock "0:01:09"]
[BlackClock "0:01:19"]

1. g3 f5 2. c4 Nf6 3. Bg2 e6 4. d4 d5 5. Nf3 c6 6. O-O Bd6 7. b3 Qe7 8. Bb2 O-O 9. Nbd2 Ne4 10. Ne5 Nxd2 11. Qxd2 Nd7 12. Rad1 Nxe5 13. dxe5 Bc5 14. e3 a5 15. Bd4 b6 16. Bxc5 Qxc5 17. cxd5 exd5 18. Rc1 Qb5 19. Rxc6 Bb7 20. Bxd5+ Kh8 21. Rd6 Rad8 22. Bxb7 Rb8 23. Qd5 Qe2 24. e6 Rfe8 25. Rd7 Qb2 26. Qxf5 Rf8 27. Rf7 1-0

[Event "January 9 Early 2024"]
[Site "https://www.chess.com"]
[Date "2024.01.11"]
[Round "6"]
[White "Goncalves, Samuel Jesus P"]
[Black "Onufrienko, Vladislav"]
[Result "0-1"]
[Board "35"]
[TimeControl "180+1"]
[WhiteFideId "1945130"]
[BlackFideId "13804332"]
[WhiteElo "2422"]
[BlackElo "2599"]
[WhiteTeam "POR"]
[BlackTeam "KGZ"]
[WhiteClock "0:01:06"]
[BlackClock "0:01:35"]

1. e4 Nf6 2. e5 Nd5 3. d4 d6 4. c4 Nb6 5. exd6 exd6 6. Nf3 Be7 7. Bd3 O-O 8. O-O Bg4 9. h3 Bh5 10. Nc3 Nc6 11. Be3 Bf6 12. c5 dxc5 13. dxc5 Bxf3 14. Bxh7+ Kxh7 15. Qxd8 Raxd8 16. cxb6 Bh5 17. bxa7 b6 18. Nb5 Be2 19. Nxc7 Bxf1 20. Rxf1 Nxa7 21. Bxb6 Nc8 22. Ba5 Rd7 23. b4 Bd8 24. Rc1 Bxc7 25. Bxc7 Re8 26. b5 Ne7 27. a4 Nd5 28. Bg3 Ra8 29. Ra1 Nc3 30. b6 Rxa4 31. Re1 Rb4 32. Bc7 Nd5 33. Rd1 Nxb6 0-1

[Event "January 9 Early 2024"]
[Site "https://www.chess.com"]
[Date "2024.01.11"]
[Round "6"]
[White "Bologan, Victor"]
[Black "Kurmangaliyeva, Liya"]
[Result "1-0"]
[Board "36"]
[TimeControl "180+1"]
[WhiteFideId "13900048"]
[BlackFideId "13725831"]
[WhiteElo "2777"]
[BlackElo "2523"]
[WhiteTeam "MDA"]
[BlackTeam "KAZ"]
[WhiteClock "0:01:28"]
[BlackClock "0:00:55"]

1. e4 c5 2. Nf3 e6 3. d4 cxd4 4. Nxd4 Nc6 5. Nc3 Nf6 6. a3 d6 7. Be3 Be7 8. Be2 O-O 9. O-O Bd7 10. f4 e5 11. Nf5 Bxf5 12. exf5 exf4 13. Rxf4 d5 14. Kh1 Qd6 15. Rf1 Rad8 16. Nb5 Qe5 17. Bf4 Qe4 18. Bd3 Qa4 19. b3 Qa6 20. Bc7 Rd7 21. Nd4 1-0

[Event "January 9 Early 2024"]
[Site "https://www.chess.com"]
[Date "2024.01.11"]
[Round "6"]
[White "Clawitter, Craig"]
[Black "Kuznecova, Marija"]
[Result "0-1"]
[Board "37"]
[TimeControl "180+1"]
[WhiteFideId "2023105"]
[BlackFideId "11618736"]
[WhiteElo "2238"]
[BlackElo "2387"]
[WhiteTeam "USA"]
[BlackTeam "LAT"]
[WhiteClock "0:00:08"]
[BlackClock "0:01:53"]

1. e4 c5 2. Nf3 d6 3. d4 cxd4 4. Nxd4 Nf6 5. Nc3 a6 6. Be3 e5 7. Nb3 Be6 8. f3 Be7 9. Qd2 O-O 10. O-O-O a5 11. a4 Nc6 12. Bb5 Nb4 13. Qf2 Qc8 14. Kb1 d5 15. exd5 Nfxd5 16. Nxd5 Bxd5 17. Rc1 Qe6 18. Bc5 Bxb3 19. cxb3 Bxc5 20. Rxc5 Qxb3 21. Bc4 Qxa4 22. Rxe5 Rac8 23. b3 Qa3 24. Qb2 Qxb2+ 25. Kxb2 Rxc4 0-1

[Event "January 9 Early 2024"]
[Site "https://www.chess.com"]
[Date "2024.01.11"]
[Round "6"]
[White "Gutierrez Olivares, Daniel"]
[Black "Tejedor Fuente, Enrique"]
[Result "0-1"]
[Board "38"]
[TimeControl "180+1"]
[WhiteFideId "2264005"]
[BlackFideId "2299100"]
[WhiteElo "2480"]
[BlackElo "2719"]
[WhiteTeam "ESP"]
[BlackTeam "ESP"]
[WhiteClock "0:00:01"]
[BlackClock "0:02:17"]

1. c4 b6 2. Nc3 Bb7 3. Qc2 g6 4. e4 Bg7 5. g3 c5 6. Bg2 Nc6 7. Nge2 h5 8. a3 h4 9. gxh4 Rxh4 10. d3 e6 11. Nb5 d6 12. Bf4 Ne5 13. Bg3 Rh7 14. Rd1 a6 15. d4 Nc6 16. Nxd6+ Kf8 17. Nxb7 Qd7 18. Nd6 cxd4 19. c5 e5 20. f4 bxc5 21. Qxc5 Nge7 22. fxe5 Qg4 23. O-O Qxe2 24. Nxf7 Kg8 25. Qd6 Rh5 26. Qe6 Kh7 27. Bf3 Qe3+ 28. Bf2 Qxf3 29. Bxd4 Qxe4 30. Bf2 Nf5 31. Nd6 Qg4+ 32. Kh1 Qf3+ 33. Kg1 Rg5+ 0-1

[Event "January 9 Early 2024"]
[Site "https://www.chess.com"]
[Date "2024.01.11"]
[Round "6"]
[White "Carnicelli, Valerio"]
[Black "Materia, Marco"]
[Result "0-1"]
[Board "39"]
[TimeControl "180+1"]
[WhiteFideId "856185"]
[BlackFideId "45150451"]
[WhiteElo "2579"]
[BlackElo "2817"]
[WhiteTeam "ITA"]
[BlackTeam "FRA"]
[WhiteClock "0:00:29"]
[BlackClock "0:01:35"]

1. b3 d5 2. Bb2 Nc6 3. e3 e5 4. Bb5 Bd6 5. c4 Ne7 6. c5 Bxc5 7. Bxe5 O-O 8. Bb2 d4 9. Nf3 Bg4 10. h3 Bh5 11. O-O a6 12. Bxc6 Nxc6 13. e4 Qd7 14. d3 f5 15. e5 Bxf3 16. Qxf3 Nxe5 17. Qd1 f4 18. f3 Rae8 19. b4 Ba7 20. Nd2 Kh8 21. Ne4 Qb5 22. Qb3 Qxd3 23. Rfd1 Qxb3 24. axb3 Nc6 25. Kf1 Rf5 26. Ba3 Rb5 27. Rac1 Bb6 28. Nd2 Nxb4 29. Nc4 Nd5 30. Re1 Ne3+ 31. Kf2 Rxb3 0-1

[Event "January 9 Early 2024"]
[Site "https://www.chess.com"]
[Date "2024.01.11"]
[Round "6"]
[White "Koshulyan, Egor A."]
[Black "Rosenberg, Evan S"]
[Result "1-0"]
[Board "40"]
[TimeControl "180+1"]
[WhiteFideId "24237000"]
[BlackFideId "2019299"]
[WhiteElo "2675"]
[BlackElo "2393"]
[WhiteTeam "RUS"]
[BlackTeam "USA"]
[WhiteClock "0:00:55"]
[BlackClock "0:01:10"]

1. e4 e6 2. d4 d5 3. e5 c5 4. c3 Nc6 5. Nf3 Bd7 6. Na3 Nge7 7. Nc2 cxd4 8. cxd4 Nf5 9. Bd3 Be7 10. O-O O-O 11. Rb1 f6 12. Bxf5 exf5 13. exf6 Bxf6 14. Bf4 Be8 15. Ne3 Bh5 16. Nxf5 Bxd4 17. N5xd4 Nxd4 18. Qxd4 Bxf3 19. gxf3 Qh4 20. Qxd5+ Kh8 21. Bg3 Qe7 22. Rfe1 Qb4 23. a3 Qb6 24. b4 Rad8 25. Qe4 h6 26. Kg2 Rd4 27. Qe3 Qf6 28. Rbd1 Rc4 29. Kg1 Rc3 30. Rd3 Rc2 31. Rd6 Qb2 32. Be5 1-0

[Event "January 9 Early 2024"]
[Site "https://www.chess.com"]
[Date "2024.01.11"]
[Round "6"]
[White "Kozak, Antoni"]
[Black "Sharapov, Evgeny"]
[Result "1-0"]
[Board "41"]
[TimeControl "180+1"]
[WhiteFideId "21832030"]
[BlackFideId "14103133"]
[WhiteElo "2760"]
[BlackElo "2531"]
[WhiteTeam "POL"]
[BlackTeam "UKR"]
[WhiteClock "0:01:29"]
[BlackClock "0:01:00"]

1. d4 Nf6 2. Nf3 e6 3. Bf4 c5 4. e3 Nc6 5. Nbd2 d5 6. c3 Bd6 7. Bb5 Bxf4 8. exf4 cxd4 9. Nxd4 Bd7 10. N2f3 O-O 11. Bxc6 bxc6 12. b4 a5 13. O-O axb4 14. cxb4 Qb6 15. Qb3 c5 16. bxc5 Qxc5 17. Rfc1 Qa5 18. g3 Rfb8 19. Qc3 Qxc3 20. Rxc3 Ra4 21. a3 Rba8 22. Nc2 Rc4 23. Rxc4 dxc4 24. Kf1 Ba4 25. Nfd4 Nd5 26. Ne3 Nxe3+ 27. fxe3 Rb8 28. Rc1 Bb3 29. Ke2 h5 30. Kd2 Ra8 31. Ra1 e5 32. fxe5 Re8 33. a4 Rxe5 34. a5 c3+ 35. Kxc3 Rxe3+ 36. Kd2 1-0

[Event "January 9 Early 2024"]
[Site "https://www.chess.com"]
[Date "2024.01.11"]
[Round "6"]
[White "Filgueira, Hernan"]
[Black "Yushko, Olga"]
[Result "1-0"]
[Board "42"]
[TimeControl "180+1"]
[WhiteFideId "101770"]
[BlackFideId "14114500"]
[WhiteElo "2550"]
[BlackElo "2113"]
[WhiteTeam "ARG"]
[BlackTeam "UKR"]
[WhiteClock "0:01:29"]
[BlackClock "0:00:42"]

1. d4 d5 2. c4 e6 3. Nc3 Nf6 4. Bf4 Be7 5. e3 O-O 6. Rc1 c6 7. Nf3 Nbd7 8. Bd3 dxc4 9. Bxc4 Re8 10. O-O Nf8 11. h3 Bd6 12. Ne5 Ng6 13. Bh2 Qc7 14. f4 b5 15. Bb3 Qb6 16. Kh1 Bb7 17. f5 Nf8 18. fxe6 Nxe6 19. Rxf6 gxf6 20. Qg4+ Kf8 21. Nd7+ Ke7 22. Nxb6 axb6 23. Bxd6+ Kxd6 24. Ne4+ Ke7 25. Bxe6 Rg8 26. Qf5 Rg6 27. Bxf7 Bc8 28. Bxg6 Bxf5 29. Bxf5 Rxa2 30. Rxc6 Rxb2 31. Rc7+ Kd8 32. Rb7 Rb3 33. Nd6 Rxe3 34. Rd7# 1-0

[Event "January 9 Early 2024"]
[Site "https://www.chess.com"]
[Date "2024.01.11"]
[Round "6"]
[White "Kopczynski, Michal"]
[Black "Tatarinov, Dmitry"]
[Result "0-1"]
[Board "43"]
[TimeControl "180+1"]
[WhiteFideId "1124200"]
[BlackFideId "24160067"]
[WhiteElo "2520"]
[BlackElo "2754"]
[WhiteTeam "POL"]
[BlackTeam "RUS"]
[WhiteClock "0:00:27"]
[BlackClock "0:01:20"]

1. e4 c5 2. d4 cxd4 3. c3 dxc3 4. Nxc3 a6 5. f4 e6 6. Nf3 b5 7. Bd3 Bb7 8. O-O d6 9. Kh1 Nc6 10. Qe1 Nf6 11. Be3 Be7 12. Rd1 O-O 13. Qg3 g6 14. f5 Nh5 15. Qh3 exf5 16. exf5 Ne5 17. fxg6 fxg6 18. Nxe5 dxe5 19. Bxg6 hxg6 20. Rxd8 Raxd8 21. Qe6+ Kh8 22. Qxe5+ Bf6 23. Rxf6 Rxf6 24. Bg5 Rf8 25. Bxf6+ Rxf6 26. Kg1 Kg7 27. g4 Nf4 28. g5 Nh3# 0-1

[Event "January 9 Early 2024"]
[Site "https://www.chess.com"]
[Date "2024.01.11"]
[Round "6"]
[White "Mazurkiewicz, Michal"]
[Black "Novozhilov, Semen"]
[Result "0-1"]
[Board "44"]
[TimeControl "180+1"]
[WhiteFideId "1124943"]
[BlackFideId "24289167"]
[WhiteElo "2453"]
[BlackElo "2704"]
[WhiteTeam "POL"]
[BlackTeam "RUS"]
[WhiteClock "0:00:44"]
[BlackClock "0:00:57"]

1. e4 c5 2. Nf3 Nc6 3. g3 Nf6 4. d3 d5 5. Nbd2 e5 6. Bg2 h6 7. exd5 Nxd5 8. Nc4 f6 9. Nfxe5 Nxe5 10. Nxe5 fxe5 11. Qh5+ Ke7 12. O-O Nf6 13. Qxe5+ Kf7 14. Bf4 Be7 15. d4 Qxd4 16. Qc7 Nd5 17. Bxd5+ Qxd5 18. Rfe1 Re8 19. Bd6 Qxd6 20. Qa5 Bh3 21. Rad1 Qc6 22. f3 Bf6 0-1

[Event "January 9 Early 2024"]
[Site "https://www.chess.com"]
[Date "2024.01.11"]
[Round "6"]
[White "Dahlgren, James Allen"]
[Black "Devaev, Alexander"]
[Result "0-1"]
[Board "45"]
[TimeControl "180+1"]
[WhiteFideId "22256873"]
[BlackFideId "4169395"]
[WhiteElo "2096"]
[BlackElo "2500"]
[WhiteTeam "ESP"]
[BlackTeam "RUS"]
[WhiteClock "0:00:16"]
[BlackClock "0:02:00"]

1. e4 c6 2. d4 d5 3. f3 dxe4 4. fxe4 e5 5. dxe5 Qxd1+ 6. Kxd1 Bg4+ 7. Nf3 Nd7 8. Bf4 Ne7 9. Be2 Ng6 10. g3 Bxf3 11. Bxf3 Ngxe5 12. Ke2 Nxf3 13. Kxf3 O-O-O 14. Nc3 Bb4 15. Rad1 Bxc3 16. bxc3 Rhe8 17. Rhe1 Nc5 18. Rxd8+ Rxd8 19. e5 Ne6 20. h4 Rd5 21. Re2 Rc5 22. Bd2 Ra5 23. Ke4 Kd7 24. Rf2 Ke8 25. h5 Rxa2 26. h6 g6 27. Be3 a5 28. c4 Ra4 29. Kd3 Ra3+ 30. c3 b5 31. cxb5 cxb5 32. Rc2 b4 33. Bd4 Nxd4 34. Kxd4 Rxc3 35. Rxc3 bxc3 36. Kxc3 Ke7 0-1

[Event "January 9 Early 2024"]
[Site "https://www.chess.com"]
[Date "2024.01.11"]
[Round "6"]
[White "Topalov, Aleksandar"]
[Black "Nigalidze, Gaioz"]
[Result "0-1"]
[Board "46"]
[TimeControl "180+1"]
[WhiteFideId "925659"]
[BlackFideId "13603078"]
[WhiteElo "2433"]
[BlackElo "2661"]
[WhiteTeam "SRB"]
[BlackTeam "GEO"]
[WhiteClock "0:01:32"]
[BlackClock "0:00:19"]

1. b3 e5 2. Bb2 e4 3. c4 Nf6 4. e3 c6 5. Ne2 Be7 6. Nbc3 d5 7. cxd5 cxd5 8. d3 O-O 9. Ng3 Bg4 10. Be2 Bxe2 11. Qxe2 exd3 12. Qxd3 Nc6 13. Rd1 Ne5 14. Qd2 Bb4 15. a3 Bxc3 16. Bxc3 Re8 17. O-O Qe7 18. a4 Qe6 19. Bd4 b6 20. Rc1 Ne4 21. Qb2 Nd3 22. Qb1 Nxc1 23. Rxc1 Rac8 24. Re1 Nxg3 25. hxg3 Qe4 26. Qa1 f6 27. Rd1 Rc2 28. a5 Qf5 29. Rf1 Rc6 30. a6 Rec8 31. b4 Qd3 32. b5 Qxb5 33. Rb1 Qxb1+ 0-1

[Event "January 9 Early 2024"]
[Site "https://www.chess.com"]
[Date "2024.01.11"]
[Round "6"]
[White "Smirnov, Timofey"]
[Black "Blokhin, Sofia"]
[Result "0-1"]
[Board "47"]
[TimeControl "180+1"]
[WhiteFideId "24176427"]
[BlackFideId "4508190"]
[WhiteElo "2001"]
[BlackElo "2288"]
[WhiteTeam "RUS"]
[BlackTeam "EST"]
[WhiteClock "0:00:58"]
[BlackClock "0:00:47"]

1. d4 f5 2. h3 Nf6 3. g4 fxg4 4. hxg4 d5 5. g5 Ne4 6. Qd3 g6 7. f3 Ng3 8. Rxh7 Rxh7 9. Qxg6+ Rf7 10. Bf4 Bf5 11. Qxf7+ Kxf7 12. Bxg3 e6 13. f4 Bxc2 14. Bh4 Bg6 15. Nf3 Bg7 16. Ne5+ Bxe5 17. fxe5 Qh8 18. Bf2 Bxb1 19. Rxb1 Nc6 20. Rc1 Qh5 21. Be3 Qh4+ 22. Kd2 Rc8 23. Bg2 Qh2 24. Bf3 Rh8 25. Rh1 Qxh1 26. Bxh1 Rxh1 0-1

[Event "January 9 Early 2024"]
[Site "https://www.chess.com"]
[Date "2024.01.11"]
[Round "6"]
[White "Bardyk, Artem"]
[Black "Makaraci, Tunahan"]
[Result "1-0"]
[Board "48"]
[TimeControl "180+1"]
[WhiteFideId "34349979"]
[BlackFideId "6356559"]
[WhiteElo "2772"]
[BlackElo "2551"]
[WhiteTeam "RUS"]
[BlackTeam "TUR"]
[WhiteClock "0:01:18"]
[BlackClock "0:00:53"]

1. e4 Nf6 2. e5 Nd5 3. Bc4 Nb6 4. Bb3 d6 5. d4 g6 6. Nf3 Bg7 7. Qe2 O-O 8. O-O a5 9. a3 Bg4 10. h3 Bxf3 11. Qxf3 Nc6 12. Rd1 Qc8 13. Nc3 dxe5 14. dxe5 Nxe5 15. Qe2 a4 16. Ba2 Qf5 17. Be3 Ned7 18. Nd5 Nxd5 19. Rxd5 Qe6 20. Rdd1 Qc6 21. Bd5 Qa6 22. Bc4 1-0

[Event "January 9 Early 2024"]
[Site "https://www.chess.com"]
[Date "2024.01.11"]
[Round "6"]
[White "Sanal, Vahap"]
[Black "Korchmar, Vasiliy"]
[Result "1-0"]
[Board "49"]
[TimeControl "180+1"]
[WhiteFideId "6300545"]
[BlackFideId "24131750"]
[WhiteElo "2933"]
[BlackElo "2726"]
[WhiteTeam "TUR"]
[BlackTeam "RUS"]
[WhiteClock "0:01:17"]
[BlackClock "0:00:01"]

1. e4 c5 2. Nc3 d6 3. Bb5+ Bd7 4. Bxd7+ Nxd7 5. d3 g6 6. f4 Bg7 7. Nf3 e6 8. O-O Ne7 9. Qe1 O-O 10. Bd2 Rb8 11. Kh1 b5 12. Rb1 b4 13. Ne2 Qa5 14. Qh4 Rfe8 15. Ng3 Qxa2 16. f5 exf5 17. exf5 Qd5 18. Ng5 h6 19. N5e4 g5 20. Qh3 Nf6 21. Nxf6+ Bxf6 22. Qxh6 Qd4 23. Nh5 1-0

[Event "January 9 Early 2024"]
[Site "https://www.chess.com"]
[Date "2024.01.11"]
[Round "6"]
[White "Mendez Fortes, Eduardo Jesus"]
[Black "Osinovsky, Stepan"]
[Result "1-0"]
[Board "50"]
[TimeControl "180+1"]
[WhiteFideId "3502376"]
[BlackFideId "4157354"]
[WhiteElo "2541"]
[BlackElo "2399"]
[WhiteTeam "CUB"]
[BlackTeam "RUS"]
[WhiteClock "0:01:37"]
[BlackClock "0:00:07"]

1. e4 e5 2. Nf3 Nc6 3. Bb5 a6 4. Ba4 Nf6 5. O-O Be7 6. Re1 b5 7. Bb3 O-O 8. c3 d5 9. exd5 Nxd5 10. Nxe5 Nxe5 11. Rxe5 c6 12. d4 Bd6 13. Re1 Qh4 14. g3 Qh3 15. Re4 g5 16. Qe2 f5 17. Re5 Bxe5 18. Qxe5 Bd7 19. Bxd5+ cxd5 20. Qxd5+ Kh8 21. Bxg5 f4 22. Bxf4 Rxf4 23. Qxa8+ Bc8 24. Nd2 Rf8 25. Qe4 Bf5 26. Qe5+ Kg8 27. Re1 Qh6 28. Nf3 Bc8 29. Nh4 Qc6 30. Qg5+ Kh8 31. Re7 1-0

[Event "January 9 Early 2024"]
[Site "https://www.chess.com"]
[Date "2024.01.11"]
[Round "6"]
[White "Kraus, Tomas"]
[Black "Modric, Nesa"]
[Result "1-0"]
[Board "51"]
[TimeControl "180+1"]
[WhiteFideId "331708"]
[BlackFideId "922579"]
[WhiteElo "2348"]
[BlackElo "2203"]
[WhiteTeam "CZE"]
[BlackTeam "SRB"]
[WhiteClock "0:00:54"]
[BlackClock "0:00:15"]

1. e4 c6 2. d4 d5 3. f3 dxe4 4. fxe4 e5 5. Nf3 exd4 6. Bc4 Bc5 7. O-O Nf6 8. Bg5 d3+ 9. Kh1 dxc2 10. Qxc2 Qb6 11. Nc3 Be7 12. e5 Ng8 13. Bxe7 Nxe7 14. Ng5 Be6 15. Bxe6 fxe6 16. Nxe6 Rg8 17. Qxh7 Nd7 18. Nxg7+ Kd8 19. Ne6+ Kc8 20. Qxe7 1-0

[Event "January 9 Early 2024"]
[Site "https://www.chess.com"]
[Date "2024.01.11"]
[Round "6"]
[White "Huschenbeth, Niclas"]
[Black "Rose, Felix"]
[Result "1-0"]
[Board "52"]
[TimeControl "180+1"]
[WhiteFideId "24604747"]
[BlackFideId "5105722"]
[WhiteElo "2477"]
[BlackElo "2249"]
[WhiteTeam "GER"]
[BlackTeam "MEX"]
[WhiteClock "0:01:18"]
[BlackClock "0:00:07"]

1. e4 e5 2. Nf3 Nc6 3. Bc4 Nf6 4. d4 exd4 5. e5 d5 6. Bb5 Ne4 7. Nxd4 Bc5 8. Be3 O-O 9. Nxc6 bxc6 10. Bxc5 Nxc5 11. Bxc6 Rb8 12. Qxd5 Qe7 13. O-O Rxb2 14. Nc3 Rxc2 15. Qd4 Bf5 16. Nd5 Qg5 17. h4 Ne6 18. Qb4 Qg4 19. Qxg4 Bxg4 20. Rfc1 Rxc1+ 21. Rxc1 h5 22. f3 1-0

[Event "January 9 Early 2024"]
[Site "https://www.chess.com"]
[Date "2024.01.11"]
[Round "6"]
[White "Banzea, Alexandru-Bogdan"]
[Black "Vokhidov, Shamsiddin"]
[Result "0-1"]
[Board "53"]
[TimeControl "180+1"]
[WhiteFideId "1232622"]
[BlackFideId "14204223"]
[WhiteElo "2711"]
[BlackElo "2998"]
[WhiteTeam "ROU"]
[BlackTeam "UZB"]
[WhiteClock "0:00:15"]
[BlackClock "0:01:32"]

1. d4 Nf6 2. Nc3 d5 3. Bf4 c5 4. e3 cxd4 5. exd4 a6 6. Bd3 Nc6 7. Nge2 Bg4 8. f3 Bh5 9. g4 Bg6 10. h4 e6 11. h5 Bxd3 12. Qxd3 Rc8 13. O-O-O Qa5 14. Kb1 Nd7 15. Nc1 Nb4 16. Qe3 Be7 17. g5 Qb6 18. g6 f6 19. Rhe1 hxg6 20. hxg6 Nf8 21. a3 Nc6 22. Nxd5 exd5 23. Bd6 Nxg6 24. Nb3 Qd8 25. Qe6 Qd7 26. Qxd5 Nf4 27. Qc5 b6 28. Qxb6 Qxd6 29. d5 Ne5 30. Qb7 Rb8 31. Qa7 Qb6 0-1

[Event "January 9 Early 2024"]
[Site "https://www.chess.com"]
[Date "2024.01.11"]
[Round "6"]
[White "Poddubnyi, Viktor"]
[Black "Golubev, Mikhail"]
[Result "0-1"]
[Board "54"]
[TimeControl "180+1"]
[WhiteFideId "4141989"]
[BlackFideId "14100983"]
[WhiteElo "2426"]
[BlackElo "2620"]
[WhiteTeam "RUS"]
[BlackTeam "UKR"]
[WhiteClock "0:00:35"]
[BlackClock "0:00:58"]

1. e4 c5 2. Nf3 Nc6 3. d4 cxd4 4. Nxd4 Nf6 5. Nc3 d6 6. Bc4 e6 7. Bb3 a6 8. Be3 Qc7 9. Qe2 Na5 10. O-O-O b5 11. Kb1 Bb7 12. f3 Nd7 13. Bxe6 fxe6 14. Nxe6 Qc4 15. Qxc4 Nxc4 16. Bd4 Kf7 17. Nc7 Rc8 18. N7d5 Rg8 19. h4 Be7 20. h5 Bf6 21. Nxf6 gxf6 22. g4 Nde5 23. Rhf1 Rgd8 24. b3 Na3+ 25. Kb2 b4 26. Rd2 bxc3+ 0-1

[Event "January 9 Early 2024"]
[Site "https://www.chess.com"]
[Date "2024.01.11"]
[Round "6"]
[White "Estrada Nieto, Julian"]
[Black "Klukin, Kirill"]
[Result "0-1"]
[Board "55"]
[TimeControl "180+1"]
[WhiteFideId "5101018"]
[BlackFideId "24199273"]
[WhiteElo "2595"]
[BlackElo "2823"]
[WhiteTeam "ESP"]
[BlackTeam "RUS"]
[WhiteClock "0:00:51"]
[BlackClock "0:00:37"]

1. e4 d6 2. d4 f5 3. exf5 Bxf5 4. Nf3 Nf6 5. Bd3 Qd7 6. O-O Nc6 7. Re1 O-O-O 8. c4 e5 9. dxe5 dxe5 10. Bxf5 Qxf5 11. Qa4 Bc5 12. Be3 Bxe3 13. fxe3 e4 14. Nd4 Nxd4 15. exd4 Ng4 16. Rf1 Qg5 17. Nc3 Qe3+ 18. Kh1 Qxd4 19. Nb5 Nf2+ 20. Rxf2 Qxf2 21. Nxa7+ Kb8 22. Nb5 Rhf8 23. h3 Rd2 24. Rg1 Rf3 25. Kh2 Qg3+ 26. Kh1 Qxh3+ 0-1

[Event "January 9 Early 2024"]
[Site "https://www.chess.com"]
[Date "2024.01.11"]
[Round "6"]
[White "Kislinsky, Alexey"]
[Black "Herman, Matthew"]
[Result "1/2-1/2"]
[Board "56"]
[TimeControl "180+1"]
[WhiteFideId "14108801"]
[BlackFideId "2028964"]
[WhiteElo "2736"]
[BlackElo "2523"]
[WhiteTeam "CZE"]
[BlackTeam "USA"]
[WhiteClock "0:01:25"]
[BlackClock "0:00:04"]

1. e4 e5 2. Nf3 Nc6 3. Bb5 a6 4. Ba4 Nf6 5. d3 b5 6. Bb3 Be7 7. Nc3 O-O 8. Nd5 d6 9. c3 Be6 10. Nxe7+ Nxe7 11. Bc2 Ng6 12. O-O h6 13. h3 Re8 14. Re1 d5 15. exd5 Bxd5 16. Be3 Qd6 17. d4 e4 18. Nd2 Re6 19. b3 Rae8 20. c4 Bb7 21. a4 b4 22. Nf1 a5 23. Ng3 Nh4 24. Qd2 Qd7 25. Rad1 Ra6 26. d5 Bc8 27. Qe2 Nxg2 28. Kxg2 Qxh3+ 29. Kg1 Ng4 30. Bf4 Qh2+ 31. Kf1 Qh3+ 32. Kg1 Qh2+ 33. Kf1 Qh3+ 34. Kg1 1/2-1/2

[Event "January 9 Early 2024"]
[Site "https://www.chess.com"]
[Date "2024.01.11"]
[Round "6"]
[White "Baches Garcia, Guillermo"]
[Black "Skibbe, Willi"]
[Result "1-0"]
[Board "57"]
[TimeControl "180+1"]
[WhiteFideId "2209764"]
[BlackFideId "4682190"]
[WhiteElo "2523"]
[BlackElo "2364"]
[WhiteTeam "ESP"]
[BlackTeam "GER"]
[WhiteClock "0:00:46"]
[BlackClock "0:00:37"]

1. d4 d5 2. Nf3 Nf6 3. Bg5 Ne4 4. Bh4 h5 5. h3 f6 6. Nfd2 g5 7. Nxe4 gxh4 8. Ned2 e5 9. Nf3 Nc6 10. e3 e4 11. Nxh4 f5 12. Ng6 Rh6 13. Nf4 h4 14. c4 Ne7 15. cxd5 Nxd5 16. Nxd5 Qxd5 17. Nc3 Qe6 18. Qa4+ c6 19. d5 Qe5 20. dxc6 bxc6 21. O-O-O Bc5 22. Ba6 Bd7 23. Rd2 Rb8 24. Rhd1 Rh7 25. Rxd7 Rxd7 26. Qxc6 Rd8 27. Rxd7 Rxd7 28. Bc8 1-0